 Dungeon Crawl Stone Soup version 0.27.0-1-g7a08968 (webtiles) character file.

Game seed: 5758738276422247077

4503 Illumine the Frost Mage (level 10, -1/74 HPs)
             Began as a Gnoll Ice Elementalist on Aug 27, 2021.
             Was a Follower of Cheibriados.
             Slain by a shadow (31 damage)
             ... on level 9 of the Dungeon.
             The game lasted 00:19:55 (10475 turns).

Illumine the Frost Mage (Gnoll Ice Elementalist)   Turns: 10475, Time: 00:19:55

Health: -1/74      AC: 13    Str: 11    XL:     10   Next: 39%
Magic:  13/21      EV: 19    Int: 25    God:    Cheibriados [*.....]
Gold:   424        SH:  0    Dex: 14    Spells: 0/23 levels left

rFire    . . .     SeeInvis .   F - -2 demon whip
rCold    . . .     Faith    .   (no shield)
rNeg     . . .     Spirit   .   a - +0 robe
rPois    .         Reflect  .   (no helmet)
rElec    .         Harm     .   i - +0 cloak
rCorr    .         Rampage  .   (no gloves)
Will     .....                  m - +0 pair of boots
Stlth    +++.......             (no amulet)
HPRegen  0.22/turn              e - +6 ring of intelligence
MPRegen  0.17/turn              M - +4 ring of evasion

@: ice-armoured, freezing walls, very slow
A: fangs 1, strong nose, distributed training
a: Renounce Religion, Bend Time


You were on level 9 of the Dungeon.
You worshipped Cheibriados.
Cheibriados was aware of your devotion.
You visited 2 branches of the dungeon, and saw 10 of its levels.
You also visited: Sewer.

You collected 499 gold pieces.
You spent 75 gold pieces at shops.

Inventory:

Hand Weapons
 k - a +0 spear
 n - a +2 vorpal flail
 F - a -2 demon whip (weapon)
Missiles
 j - 3 javelins
 t - 15 poisoned darts
Armour
 a - a +0 robe (worn)
 b - a +0 kite shield
 i - a +0 cloak (worn)
 m - a +0 pair of boots (worn)
 y - the +0 ring mail of Ybri {*Corrode Str+3 SInv}
   (You found it on level 5 of the Dungeon)

   Str:       It affects your strength (+3).
   SInv:      It lets you see invisible.
   *Corrode:  It may corrode you when you take damage.
 L - the +1 chain mail "Xeprih" {rElec rF- Will+ Int+3}
   (You took it off an orc on level 8 of the Dungeon)

   Int:       It affects your intelligence (+3).
   rF:        It makes you vulnerable to fire.
   rElec:     It insulates you from electricity.
   Will:      It increases your willpower.
Jewellery
 e - a +6 ring of intelligence (left hand)
 C - a ring of willpower
 G - a ring of flight
 M - a +4 ring of evasion (right hand)
Wands
 r - a wand of flame (13)
 w - a wand of acid (14)
 K - a wand of polymorph (3)
Scrolls
 c - 2 scrolls of fear
 d - 2 scrolls of holy word
 f - 5 scrolls of teleportation
 g - 3 scrolls of vulnerability
 q - a scroll of brand weapon {unknown}
 u - a scroll of immolation {unknown}
 v - a scroll of fog {unknown}
 x - a scroll of torment {unknown}
 z - a scroll of summoning {unknown}
 B - a scroll of blinking {unknown}
 D - a scroll of enchant armour {unknown}
Potions
 h - 3 potions of berserk rage
 l - 2 potions of curing
 o - a potion of invisibility
 p - 3 potions of haste
 s - 2 potions of attraction
 A - a potion of cancellation {unknown}
 E - a potion of heal wounds {unknown}
 H - 2 potions of mutation
 I - a potion of degeneration {unknown}
 J - a potion of resistance {unknown}


   Skills:
 + Level 5.2 Fighting
 + Level 5.2 Short Blades
 + Level 5.2 Long Blades
 + Level 5.2 Axes
 + Level 5.2 Maces & Flails
 + Level 5.2 Polearms
 + Level 5.2 Staves
 + Level 5.2 Slings
 + Level 5.2 Bows
 + Level 5.2 Crossbows
 + Level 5.2 Throwing
 + Level 5.2 Armour
 + Level 7.0 Dodging
 + Level 6.8 Stealth
 + Level 5.2 Shields
 + Level 5.2 Unarmed Combat
 + Level 7.3 Spellcasting
 + Level 4.3 Conjurations
 + Level 4.3 Hexes
 + Level 4.3 Summonings
 + Level 4.3 Necromancy
 + Level 4.3 Translocations
 + Level 4.3 Transmutations
 + Level 4.3 Fire Magic
 + Level 8.4 Ice Magic
 + Level 4.3 Air Magic
 + Level 4.3 Earth Magic
 + Level 4.3 Poison Magic
 + Level 5.7 Invocations
 + Level 5.2 Evocations


You couldn't memorise any spells.
You knew the following spells:

 Your Spells              Type           Power      Damage    Failure   Level
a - Freeze                Ice            100%       1d11      1%          1
b - Frozen Ramparts       Ice            100%       1d12      1%          3
c - Ozocubu's Armour      Ice            51%        N/A       1%          3
d - Swiftness             Air            30%        N/A       3%          3
e - Hailstorm             Conj/Ice       41%        3d10      4%          4
f - Shock                 Conj/Air       100%       1d9       1%          1
g - Airstrike             Air            15%        N/A       11%         4
h - Iskenderun's Mystic   Conj/Tloc      30%        2d8       11%         4

Your spell library contained the following spells:

 Spells                   Type           Power      Damage    Failure   Level
 Summon Small Mammal      Summ           100%       N/A       1%          1
 Call Canine Familiar     Summ           30%        N/A       3%          3
 Conjure Flame            Conj/Fire      30%        6-21      3%          3
 Dazzling Flash           Conj/Hex       60%        N/A       3%          3
 Ignite Poison            Fire/Tmut/Pois 30%        N/A       3%          3
 Portal Projectile        Hex/Tloc       60%        N/A       3%          3
 Summon Guardian Golem    Hex/Summ       30%        N/A       3%          3
 Leda's Liquefaction      Hex/Erth       15%        N/A       11%         4
 Sticky Flame             Conj/Fire      30%        2d5       11%         4
 Blade Hands              Tmut           15%        N/A       30%         5
 Excruciating Wounds      Necr           15%        N/A       30%         5
 Starburst                Conj/Fire      15%        8x6d6     86%         6


Dungeon Overview and Level Annotations

Branches:
Dungeon (9/15)             Temple (1/1) D:7           Sewer (visited)
   Lair: D:8-11         Orc: D:9-12

Altars:
Ashenzari
Cheibriados
Dithmenos
Elyvilon
Fedhas
Gozag
Hepliaklqana
Makhleb
Nemelex Xobeh
Okawaru
Qazlal
Ru
Sif Muna
Trog
Uskayaw
Vehumet
Wu Jian
Xom
Zin
The Shining One

Shops:
D:7 *

Annotations:
D:1 dig vault
D:4 Eustachio
D:7 1 runed translucent door, Estrea's ghost, novice MiFi


Innate Abilities, Weirdness & Mutations

You have very sharp teeth.
Your uncanny sense of smell can sniff out nearby items.
Your experience applies equally to all skills.


Message History

Casting: Freeze (safe; 1% risk of failure)
Confirm with . or Enter, or press ? or * to list all spells.
A film of ice covers your body!
The shadow completely resists.
The wall freezes the shadow but does no damage.
The shadow closely misses you.
The wall freezes Prince Ribbit.
Prince Ribbit barely misses you.
Unknown command.
Casting: Ozocubu's Armour (safe; 1% risk of failure)
Confirm with . or Enter, or press ? or * to list all spells.
Aiming: Freeze (safe; 1% risk of failure)
Press: ? - help, Shift-Dir - straight line, f/p - Prince Ribbit
Aim: Prince Ribbit (almost dead, slow)
You freeze Prince Ribbit.
Prince Ribbit is almost dead.
Prince Ribbit seems to slow down.
The shadow completely resists.
The wall freezes the shadow but does no damage.
The shadow slips into darkness.
The shadow flickers and vanishes!
Deactivating autopickup; reactivate with Ctrl-A.
The wall freezes Prince Ribbit!
You kill Prince Ribbit!
Cheibriados appreciates the change of pace.
Your icy armour and frozen ramparts will break if you move.
Continue? [Y]es or [N]o only, please.
Your icy armour and frozen ramparts will break if you move.
Continue?
You miss something. You bite something.
The wall freezes something but does no damage.
The shadow strikes at you from the darkness!
Reactivating autopickup.
You whack the shadow!
The shadow is moderately damaged.
The shadow completely resists.
The wall freezes the shadow but does no damage.
The shadow slips into darkness.
The shadow flickers and vanishes!
Deactivating autopickup; reactivate with Ctrl-A.
You closely miss something.
The wall freezes something but does no damage.
The shadow strikes at you from the darkness!
You die...

######## #######
#......# .......
#......# .......
#......#### .......
+......'..######.......
#......##......#{......
#......#######.@.......
#..)...# ###.......
#####'## ....... #.##
####+## #..# ##.#
######'## #...(...#
#.......#


There were no monsters in sight!

Vanquished Creatures
  A two-headed ogre (D:9)
  A hornet (D:9)
  Prince Ribbit (D:9)
  4 yaks (D:7)
  Edmund (D:4)
  Purgy (Sewer)
  2 black bears
  2 ice beasts
  4 ogres
  A necrophage (D:5)
  A centaur (D:8)
  A phantom (D:5)
  A kobold brigand (D:8)
  Blork the orc (D:4)
  5 bullfrogs
  A scorpion (D:5)
  A wyvern skeleton (D:6)
  9 wights
  3 howler monkeys
  A bullfrog zombie (D:3)
  A bullfrog skeleton (D:3)
  3 hounds
  A centaur zombie (D:6)
  An orc priest (D:5)
  2 centaur skeletons
  Ijyb (D:3)
  An iguana (D:6)
  6 orc wizards
  Robin (D:2)
  6 gnolls
  3 adders
  2 white imps
  An ufetubus (D:5)
  An adder skeleton (D:4)
  A worm (D:3)
  5 dart slugs
  24 orcs
  8 endoplasms
  8 giant cockroaches
  11 goblins
  9 hobgoblins
  9 kobolds
  4 quokkas
  7 ball pythons
  7 bats
  8 frilled lizards
  5 rats
178 creatures vanquished.

Notes
Turn   | Place    | Note
-------+----------+-------------------------------------------
     0 | D:1      | Illumine the Gnoll Ice Elementalist began the quest for the
                  | Orb.
     0 | D:1      | Reached XP level 1. HP: 13/13 MP: 6/6
   150 | D:1      | Reached XP level 2. HP: 19/19 MP: 5/7
   782 | D:1      | Reached XP level 3. HP: 22/25 MP: 6/9
   908 | D:1      | Reached skill level 5 in Spellcasting
  1261 | D:2      | Learned a level 3 spell: Frozen Ramparts
  1265 | D:2      | Learned a level 3 spell: Ozocubu's Armour
  1369 | D:2      | Reached skill level 1 in Invocations
  1427 | D:2      | Reached skill level 1 in Fighting
  1427 | D:2      | Reached skill level 1 in Short Blades
  1427 | D:2      | Reached skill level 1 in Long Blades
  1427 | D:2      | Reached skill level 1 in Axes
  1427 | D:2      | Reached skill level 1 in Maces & Flails
  1427 | D:2      | Reached skill level 1 in Polearms
  1427 | D:2      | Reached skill level 1 in Staves
  1427 | D:2      | Reached skill level 1 in Slings
  1427 | D:2      | Reached skill level 1 in Bows
  1427 | D:2      | Reached skill level 1 in Crossbows
  1427 | D:2      | Reached skill level 1 in Throwing
  1427 | D:2      | Reached skill level 1 in Armour
  1427 | D:2      | Reached skill level 1 in Shields
  1427 | D:2      | Reached skill level 1 in Unarmed Combat
  1427 | D:2      | Reached skill level 1 in Evocations
  1514 | D:2      | Noticed Robin
  1517 | D:2      | Reached XP level 4. HP: 32/32 MP: 7/11
  1522 | D:2      | Killed Robin
  1952 | D:3      | Reached skill level 1 in Conjurations
  1952 | D:3      | Reached skill level 1 in Hexes
  1952 | D:3      | Reached skill level 1 in Summonings
  1952 | D:3      | Reached skill level 1 in Necromancy
  1952 | D:3      | Reached skill level 1 in Translocations
  1952 | D:3      | Reached skill level 1 in Transmutations
  1952 | D:3      | Reached skill level 1 in Fire Magic
  1952 | D:3      | Reached skill level 1 in Air Magic
  1952 | D:3      | Reached skill level 1 in Earth Magic
  1952 | D:3      | Reached skill level 1 in Poison Magic
  2131 | D:3      | Reached XP level 5. HP: 23/37 MP: 12/12
  2135 | D:3      | Learned a level 3 spell: Swiftness
  2140 | D:3      | Learned a level 4 spell: Hailstorm
  2783 | D:3      | Noticed Ijyb
  2794 | D:3      | Killed Ijyb
  3489 | D:4      | Noticed Eustachio
  3582 | D:4      | Noticed an ogre
  3594 | D:4      | Killed an ogre
  3595 | D:4      | Reached XP level 6. HP: 44/44 MP: 4/14
  3684 | D:4      | Found a sparkling altar of Nemelex Xobeh.
  3691 | D:4      | Reached skill level 5 in Dodging
  3783 | D:4      | You fall into a shaft and drop 1 floor!
  3783 | D:5      | Entered Level 5 of the Dungeon
  3850 | D:5      | Noticed an ice beast
  3875 | D:5      | Identified the +0 ring mail of Ybri {*Corrode Str+3 SInv}
  3912 | D:5      | Reached XP level 7. HP: 21/50 MP: 8/15
  4341 | D:5      | Found a shadowy altar of Dithmenos.
  4427 | D:5      | Reached skill level 5 in Stealth
  4553 | D:4      | Reached XP level 8. HP: 54/57 MP: 9/16
  4902 | D:5      | Learned a level 1 spell: Shock
  5512 | D:6      | Found a glowing drain.
  5532 | Sewer    | Entered a sewer
  5603 | Sewer    | Noticed Purgy
  5612 | Sewer    | Killed Purgy
  6726 | D:7      | Reached XP level 9. HP: 61/65 MP: 18/18
  6729 | D:7      | Found a runed translucent door.
  6729 | D:7      | Noticed Estrea's ghost (novice MiFi)
  6898 | D:7      | Reached skill level 8 in Ice Magic
  7031 | D:7      | Found Biputtot's Lightly-Used Armoury.
  7040 | D:7      | Bought a -2 demon whip for 75 gold pieces
  7557 | D:7      | Found a staircase to the Ecumenical Temple.
  7654 | Temple   | Entered the Ecumenical Temple
  8069 | D:4      | Noticed Blork the orc
  8075 | D:4      | Killed Blork the orc
  8159 | D:4      | Noticed Edmund
  8167 | D:4      | Killed Edmund
  8313 | D:4      | Found a white marble altar of Elyvilon.
  8313 | D:4      | Found a glowing silver altar of Zin.
  8316 | D:4      | Found a snail-covered altar of Cheibriados.
  8324 | D:4      | Became a worshipper of Cheibriados the Contemplative
  8451 | D:8      | Reached skill level 5 in Invocations
  8811 | D:8      | Identified the +1 chain mail "Xeprih" {rElec rF- Will+
                  | Int+3}
  9419 | D:8      | Reached XP level 10. HP: 72/73 MP: 15/20
  9958 | D:9      | Reached skill level 5 in Fighting
  9958 | D:9      | Reached skill level 5 in Short Blades
  9958 | D:9      | Reached skill level 5 in Long Blades
  9958 | D:9      | Reached skill level 5 in Axes
  9958 | D:9      | Reached skill level 5 in Maces & Flails
  9958 | D:9      | Reached skill level 5 in Polearms
  9958 | D:9      | Reached skill level 5 in Staves
  9958 | D:9      | Reached skill level 5 in Slings
  9958 | D:9      | Reached skill level 5 in Bows
  9958 | D:9      | Reached skill level 5 in Crossbows
  9958 | D:9      | Reached skill level 5 in Throwing
  9958 | D:9      | Reached skill level 5 in Armour
  9958 | D:9      | Reached skill level 5 in Shields
  9958 | D:9      | Reached skill level 5 in Unarmed Combat
  9958 | D:9      | Reached skill level 5 in Evocations
 10075 | D:9      | Noticed a two-headed ogre
 10084 | D:9      | Reached * piety under Cheibriados
 10086 | D:9      | Killed a two-headed ogre
 10256 | D:9      | Learned a level 4 spell: Airstrike
 10261 | D:9      | Learned a level 4 spell: Iskenderun's Mystic Blast
 10424 | D:9      | Found a glowing golden altar of the Shining One.
 10467 | D:9      | Noticed Prince Ribbit
 10472 | D:9      | Killed Prince Ribbit
 10475 | D:9      | Slain by a shadow

Illustrated notes

Levels and vault maps discovered:
D:1:      dpeg_arrival_rooms_with_view, layout_basic, due_unseen_surprise
D:2:      layout_rooms, grunt_decor_mini_mirrors, uniq_robin
D:3:      layout_basic, uniq_ijyb
D:4:      layout_gridville, grunt_temple_overflow_open,
          nicolae_ossuary_entry_false_entrances, minmay_misc_feat_tower,
          uniq_blork_the_orc, uniq_eustachio, uniq_edmund
D:5:      layout_basic, mainiacjoe_overflow_tiny_flanked, minivault_11
D:6:      layout_gridville, gup_sewer_entry_pipe
D:7:      layout_rooms, minmay_temple_entry_mist, gammafunk_ghost_grave,
          minmay_shop_damaged
D:8:      layout_basic, grunt_decor_fettered, hangedman_decor_growths
D:9:      layout_roguey, lemuel_round_altar, uniq_prince_ribbit1
Temple:   eino_temple_lava

Skill      XL: |  1  2  3  4  5  6  7  8  9 10 |
---------------+-------------------------------+-----
Spellcasting   | 5 6 7 |  7.3
Invocations    | 1 2 3 4 5 |  5.7
Fighting       | 1 2 3 4 5 |  5.2
Short Blades   | 1 2 3 4 5 |  5.2
Long Blades    | 1 2 3 4 5 |  5.2
Axes           | 1 2 3 4 5 |  5.2
Maces & Flails | 1 2 3 4 5 |  5.2
Polearms       | 1 2 3 4 5 |  5.2
Staves         | 1 2 3 4 5 |  5.2
Slings         | 1 2 3 4 5 |  5.2
Bows           | 1 2 3 4 5 |  5.2
Crossbows      | 1 2 3 4 5 |  5.2
Throwing       | 1 2 3 4 5 |  5.2
Armour         | 1 2 3 4 5 |  5.2
Shields        | 1 2 3 4 5 |  5.2
Unarmed Combat | 1 2 3 4 5 |  5.2
Evocations     | 1 2 3 4 5 |  5.2
Conjurations   | 1 2 3 4 |  4.3
Hexes          | 1 2 3 4 |  4.3
Summonings     | 1 2 3 4 |  4.3
Necromancy     | 1 2 3 4 |  4.3
Translocations | 1 2 3 4 |  4.3
Transmutations | 1 2 3 4 |  4.3
Fire Magic     | 1 2 3 4 |  4.3
Air Magic      | 1 2 3 4 |  4.3
Earth Magic    | 1 2 3 4 |  4.3
Poison Magic   | 1 2 3 4 |  4.3
Dodging        | 5 6 7 |  7.0
Stealth        | 5 6 |  6.8
Ice Magic      | 8 |  8.4

Action                   |  1- 3 |  4- 6 |  7- 9 | 10-12 || total
-------------------------+-------+-------+-------+-------++-------
Melee: Unarmed           |     9 |       |       |       ||     9
       Flail             |       |    32 |    90 |       ||   122
       Spear             |       |     4 |       |       ||     4
       Bite              |       |     5 |    12 |     1 ||    18
       Punch             |       |       |     3 |       ||     3
       Demon whip        |       |       |    47 |     7 ||    54
 Cast: Freeze            |    45 |    32 |    46 |     7 ||   130
       Frozen Ramparts   |     2 |     7 |    32 |     5 ||    46
       Ozocubu's Armour  |       |     2 |     3 |     3 ||     8
       Hailstorm         |       |       |     2 |       ||     2
       Shock             |       |       |    38 |    11 ||    49
  Use: Scroll            |       |       |     9 |       ||     9
       Potion            |       |       |     1 |       ||     1
 Stab: Sleeping          |     2 |     4 |     4 |       ||    10
Armor: Robe              |     5 |     9 |    45 |     3 ||    62
Dodge: Dodged            |    23 |    41 |   153 |    19 ||   236
